 Dungeon Crawl Stone Soup version 0.29.0-4-gdea44cf6ec (webtiles) character file.

Game seed: 11000091567023233872

6405 qw the Grappler (level 10, -3/98 HPs)
             Began as a Troll Cinder Acolyte on Sept 1, 2022.
             Was a Believer of Ignis.
             Slain by a two-headed ogre
             ... wielding a +0 giant club
              (15 damage)
             ... on level 9 of the Dungeon.
             The game lasted 00:04:01 (7090 turns).

qw the Grappler (Troll Cinder Acolyte)              Turns: 7090, Time: 00:04:01

Health: -3/98      AC: 16    Str: 28    XL:     10   Next: 66%
Magic:  10/10      EV: 13    Int: 10    God:    Ignis [**....]
Gold:   192        SH:  0    Dex:  5    Spells: 11/11 levels left

rFire   + + .      SeeInvis .     - Unarmed
rCold   . . .      Faith    .   (no shield)
rNeg    + . .      Spirit   .   o - +1 robe of Vines {NoPotionHeal Regen++++}
rPois   .          Reflect  .   d - +0 hat of Baunomu {rF+ rN+}
rElec   .          Harm     .   (no cloak)
rCorr   .          Rampage  .   (gloves unavailable)
Will    .....                   (boots unavailable)
Stlth   +.........              (no amulet)
HPRegen 4.26/turn               j - +4 ring of protection
MPRegen 0.12/turn               g - +4 ring of evasion

@: fiery-armoured
A: large, unfitting armour, claws 3, regeneration 1, shaggy fur 1, tough skin 1
a: Renounce Religion, Fiery Armour, Foxfire Swarm, Rising Flame


You were on level 9 of the Dungeon.
You worshipped Ignis.
Ignis was pleased with you.
You visited 1 branch of the dungeon, and saw 9 of its levels.

You collected 642 gold pieces.
You spent 450 gold pieces at shops.


Innate Abilities, Weirdness & Mutations

You are too large for most types of armour.
You have claws for hands.
Your natural rate of healing is unusually fast.
You are covered in fur. (AC +1)
You have tough skin. (AC +1)


   Skills:
 - Level 6.0 Fighting
 - Level 3.3 Throwing
 - Level 1.1 Dodging
 + Level 14.4 Unarmed Combat
 - Level 1.0 Spellcasting
 - Level 2.1 Fire Magic


You had 11 spell levels left.
You didn't know any spells.
Your spell library contained the following spells:

 Spells                   Type           Power      Damage    Failure   Level
 Scorch                   Fire           8%         2d5       22%         2

Inventory:

Missiles
 b - 8 boomerangs (quivered)
 i - 3 javelins
Armour
 d - the +0 hat of Baunomu (worn) {rF+ rN+}
   (You acquired it on level 5 of the Dungeon)

   rF:        It protects you from fire.
   rN:        It protects you from negative energy.
 o - the +1 robe of Vines (worn) {NoPotionHeal Regen++++}
   (You found it on level 8 of the Dungeon)

   Its wearer cannot be healed by potions.
   Regen:     It increases your rate of health regeneration.
Jewellery
 g - a +4 ring of evasion (right claw)
 j - a +4 ring of protection (left claw)
Scrolls
 e - a scroll of enchant armour
 f - 5 scrolls of identify
 n - a scroll of enchant weapon
Potions
 a - a potion of cancellation
 c - 5 potions of curing
 h - 2 potions of mutation
 m - 2 potions of haste
 p - a potion of might
 q - 2 potions of resistance

Dungeon Overview and Level Annotations

Branches:
Dungeon (9/15)             Temple (0/1) D:5
   Lair: D:8-11         Orc: D:9-12

Altars:
Elyvilon
Hepliaklqana
Makhleb
Nemelex Xobeh
Okawaru
Ru
Wu Jian
Zin
The Shining One

Shops:
D:3 ?   D:5 (   D:9 !

Portals:
Sewer: D:4

Annotations:
D:8 2 transporters, qw's ghost, journeyman TrCA


Message History

The skeletal warrior is severely damaged.
The skeletal warrior barely misses you.
You scratch the skeletal warrior but do no damage.
The skeletal warrior is severely damaged.
The four-headed hydra bites you.
The four-headed hydra is burned by your cloak of flames.
The four-headed hydra is lightly wounded.
The four-headed hydra bites you but does no damage.
The four-headed hydra is burned by your cloak of flames.
The four-headed hydra is lightly wounded.
The four-headed hydra bites you!
The four-headed hydra is burned by your cloak of flames.
The four-headed hydra is lightly wounded.
The four-headed hydra closely misses you.
The skeletal warrior hits you with a +0 trident!!
You mangle the skeletal warrior!! You claw the skeletal warrior.
You destroy the skeletal warrior!
The tengu conjurer casts a spell at you.
The bolt of lightning hits you!! The four-headed hydra bites you!
The four-headed hydra is burned by your cloak of flames.
The four-headed hydra is moderately wounded.
The four-headed hydra closely misses you. x2
The four-headed hydra bites you.
The four-headed hydra is burned by your cloak of flames.
The four-headed hydra is moderately wounded.
Your life force feels restored.
You rip one of the four-headed hydra's heads off!
The three-headed hydra grows two more!
You eviscerate the five-headed hydra!!!
The five-headed hydra is severely wounded.
You barely miss the five-headed hydra. You claw the five-headed hydra!!
The five-headed hydra is almost dead.
The five-headed hydra barely misses you.
The five-headed hydra bites you but does no damage.
The five-headed hydra is burned by your cloak of flames.
You kill the five-headed hydra!
The two-headed ogre hits you with a +0 giant club!
The two-headed ogre is burned by your cloak of flames.
The two-headed ogre is lightly wounded.
The two-headed ogre hits you with a +0 giant club!
You die...

.###.#########.....# #.?
...### ###.####...# #..#
#.##...# #..# ##....# #
#..# ###...###.# ...#
######...###...# ...#
#......###Q..### ##.#
##....###.%OQ...#.
...####...###...@#H##.(.
...##.).###..#####hy###.
.....)###.......(#9T..##
)...#....#########)..:}.
#.....###....... #..|.##
#.......###..### #).###(
#.##......###... #.##l..
#.####......###. .......
#.# ######...###


You could see a tengu warrior, a two-headed ogre, a manticore, a troll, a tengu
conjurer, a wyvern, a gargoyle, a howler monkey and a killer bee.

Vanquished Creatures
  2 hydras
  A skeletal warrior (D:9)
  Psyche (D:8)
  2 trolls (D:8)
  6 yaks (D:8)
  4 vampire mosquitoes (D:8)
  An acid dragon (D:8)
  A water moccasin (D:5)
  3 orc warriors
  2 black bears
  An ice beast (D:6)
  4 ogres
  2 centaurs
  A phantom (D:7)
  A gnoll sergeant (D:8)
  4 bullfrogs
  2 necrophages
  2 scorpions (D:5)
  4 wights (D:9)
  5 killer bees (D:9)
  2 jellies
  2 hounds
  10 orc priests
  A gnoll bouda (D:7)
  2 iguanas
  4 orc wizards
  A hound skeleton (D:8)
  Robin (D:3)
  11 gnolls
  5 adders
  3 white imps
  An ufetubus (D:5)
  2 worms
  2 dart slugs (D:2)
  31 orcs
  5 ball pythons
  3 bats
  7 endoplasms
  A giant cockroach (D:3)
  14 goblins
  17 hobgoblins
  2 jackals (D:5)
  10 kobolds
  4 quokkas
  4 frilled lizards
  6 rats
200 creatures vanquished.

Vanquished Creatures (others)
  5 plants (D:8)
5 creatures vanquished.

Grand Total: 205 creatures vanquished

Notes
Turn   | Place    | Note
-------+----------+-------------------------------------------
     0 | D:1      | qw the Troll Cinder Acolyte began the quest for the Orb.
     0 | D:1      | Reached XP level 1. HP: 22/22 MP: 1/1
     0 | D:1      | 0 ||| qw: Version: 0.1-a-97-g2dd2ca4
     0 | D:1      | 0 ||| qw: Game counter: 4792
     0 | D:1      | 0 ||| qw: Always use a shield: true
     0 | D:1      | 0 ||| qw: God list: Okawaru
     0 | D:1      | 0 ||| qw: Allow faded altars: false
     0 | D:1      | 0 ||| qw: Do Orc after D:15 true
     0 | D:1      | 0 ||| qw: Do second Lair branch before Depths: true
     0 | D:1      | 0 ||| qw: Lair rune preference: random
     0 | D:1      | 0 ||| qw: Plans: Normal
     0 | D:1      | 0 ||| PLANNING D:1-11
    73 | D:1      | 73 ||| Stepping ~*~*~tactically~*~*~ (outnumbered).
    76 | D:1      | 76 ||| Stepping ~*~*~tactically~*~*~ (outnumbered).
    95 | D:1      | Reached XP level 2. HP: 29/29 MP: 2/2
   112 | D:1      | 112 ||| Stepping ~*~*~tactically~*~*~ (outnumbered).
   113 | D:1      | 113 ||| Stepping ~*~*~tactically~*~*~ (outnumbered).
   114 | D:1      | 114 ||| Stepping ~*~*~tactically~*~*~ (outnumbered).
   357 | D:1      | Reached skill level 4 in Unarmed Combat
   666 | D:1      | Reached XP level 3. HP: 36/36 MP: 3/3
   696 | D:1      | Found a faded altar of an unknown god.
   805 | D:1      | 805 ||| READING scroll labelled SOICSA GIC LEO.
   806 | D:1      | 806 ||| READING scroll labelled UZIFASH MUROF.
   807 | D:1      | 807 ||| READING scroll labelled UFUQAC GEULL.
   808 | D:1      | 808 ||| Stepping randomly (stuck).
   809 | D:1      | 809 ||| Stepping ~*~*~tactically~*~*~ (cloud).
   869 | D:2      | 869 ||| Stepping ~*~*~tactically~*~*~ (outnumbered).
  1007 | D:2      | 1007 ||| Stepping ~*~*~tactically~*~*~ (hiding).
  1424 | D:2      | 1424 ||| UPGRADING to ring of resist corrosion.
  1425 | D:2      | 1425 ||| UPGRADING to +4 ring of evasion.
  1426 | D:2      | 1426 ||| UPGRADING to +4 ring of protection.
  1428 | D:2      | 1428 ||| DROPPING ring of resist corrosion.
  1429 | D:2      | 1429 ||| READING scroll labelled HITUEG JUTWO.
  1430 | D:2      | 1430 ||| READING scroll labelled LIPLUICLAAG.
  1431 | D:2      | 1431 ||| DRINKING 2 black potions.
  1432 | D:2      | 1432 ||| DROPPING potion of brilliance.
  1460 | D:3      | Noticed Robin
  1461 | D:3      | 1461 ||| Stepping ~*~*~tactically~*~*~ (hiding).
  1464 | D:3      | 1464 ||| INVOKING Fiery Armour.
  1469 | D:3      | 1469 ||| Stepping ~*~*~tactically~*~*~ (outnumbered).
  1472 | D:3      | Reached XP level 4. HP: 34/44 MP: 4/4
  1475 | D:3      | Reached skill level 5 in Unarmed Combat
  1478 | D:3      | Killed Robin
  1503 | D:3      | Found Bahigg's Magic Scroll Emporium.
  1520 | D:3      | 1520 ||| BUYING scroll of enchant armour (90 gold).
  1520 | D:3      | Bought a scroll of enchant armour for 90 gold pieces
  1520 | D:3      | 1520 ||| SHOPLISTING scroll of enchant weapon (90 gold,
                  | have 53).
  1520 | D:3      | 1520 ||| BUYING scroll of identify (24 gold).
  1520 | D:3      | Bought a scroll of identify for 24 gold pieces
  1520 | D:3      | 1520 ||| BUYING scroll of identify (24 gold).
  1520 | D:3      | Bought a scroll of identify for 24 gold pieces
  1520 | D:3      | 1520 ||| SHOPLISTING scroll of identify (24 gold, have 5).
  1561 | D:3      | Found a sparkling altar of Nemelex Xobeh.
  1722 | D:3      | 1722 ||| Stepping ~*~*~tactically~*~*~ (stealth).
  1804 | D:3      | Found a sacrificial altar of Ru.
  1910 | D:3      | Found an iron altar of Okawaru.
  1913 | D:3      | 1913 ||| DROPPING ring of willpower.
  1914 | D:3      | 1914 ||| DRINKING 2 grey potions.
  1915 | D:3      | 1915 ||| READING 6 scrolls of identify.
  1915 | D:3      | 1915 ||| IDENTIFYING purple potion
  1916 | D:3      | 1916 ||| READING 5 scrolls of identify.
  1916 | D:3      | 1916 ||| IDENTIFYING lumpy red potion
  1917 | D:3      | 1917 ||| READING 4 scrolls of identify.
  1917 | D:3      | 1917 ||| IDENTIFYING fizzy grey potion
  1918 | D:3      | 1918 ||| READING 3 scrolls of identify.
  1918 | D:3      | 1918 ||| IDENTIFYING inky potion
  1919 | D:3      | 1919 ||| READING 2 scrolls of identify.
  1919 | D:3      | 1919 ||| IDENTIFYING blue potion
  1920 | D:3      | 1920 ||| DROPPING potion of invisibility.
  1921 | D:3      | 1921 ||| DROPPING potion of attraction.
  1922 | D:3      | 1922 ||| DROPPING potion of lignification.
  1924 | D:3      | 1924 ||| Stepping ~*~*~tactically~*~*~ (outnumbered).
  1940 | D:4      | 1940 ||| PLANNING SEWER
  1948 | D:4      | 1948 ||| Stepping ~*~*~tactically~*~*~ (stealth).
  1969 | D:4      | Reached XP level 5. HP: 50/50 MP: 5/5
  1984 | D:4      | Reached skill level 6 in Unarmed Combat
  2002 | D:4      | Noticed an ogre
  2003 | D:4      | 2003 ||| Stepping ~*~*~tactically~*~*~ (stealth).
  2004 | D:4      | Noticed a black bear
  2005 | D:4      | 2005 ||| INVOKING Fiery Armour.
  2010 | D:4      | 2010 ||| Stepping ~*~*~tactically~*~*~ (outnumbered).
  2012 | D:4      | 2012 ||| Stepping ~*~*~tactically~*~*~ (outnumbered).
  2013 | D:4      | 2013 ||| Stepping ~*~*~tactically~*~*~ (outnumbered).
  2014 | D:4      | 2014 ||| Stepping ~*~*~tactically~*~*~ (outnumbered).
  2016 | D:4      | 2016 ||| Stepping ~*~*~tactically~*~*~ (outnumbered).
  2017 | D:4      | 2017 ||| Stepping ~*~*~tactically~*~*~ (outnumbered).
  2018 | D:4      | 2018 ||| Stepping ~*~*~tactically~*~*~ (outnumbered).
  2018 | D:4      | Killed a black bear
  2020 | D:4      | Killed an ogre
  2021 | D:4      | Reached skill level 7 in Unarmed Combat
  2021 | D:4      | Reached XP level 6. HP: 47/59 MP: 6/6
  2049 | D:4      | Found a glowing drain.
  2050 | D:4      | 2050 ||| READING scroll labelled NAGOT BIUPP.
  2110 | D:4      | 2110 ||| Stepping ~*~*~tactically~*~*~ (stealth).
  2243 | D:4      | 2243 ||| Stepping ~*~*~tactically~*~*~ (stealth).
  2246 | D:4      | 2246 ||| Stepping ~*~*~tactically~*~*~ (stealth).
  2248 | D:4      | 2248 ||| READING scroll labelled KARUITU CYCIXUB.
  2249 | D:4      | 2249 ||| Stepping ~*~*~tactically~*~*~ (hiding).
  2250 | D:4      | 2250 ||| INVOKING Fiery Armour.
  2254 | D:4      | 2254 ||| Stepping ~*~*~tactically~*~*~ (hiding).
  2256 | D:4      | 2256 ||| Stepping ~*~*~tactically~*~*~ (outnumbered).
  2257 | D:4      | 2257 ||| Stepping ~*~*~tactically~*~*~ (outnumbered).
  2258 | D:4      | 2258 ||| Stepping ~*~*~tactically~*~*~ (outnumbered).
  2259 | D:4      | 2259 ||| Stepping ~*~*~tactically~*~*~ (outnumbered).
  2260 | D:4      | 2260 ||| Stepping ~*~*~tactically~*~*~ (outnumbered).
  2261 | D:4      | 2261 ||| Stepping ~*~*~tactically~*~*~ (outnumbered).
  2262 | D:4      | 2262 ||| Stepping ~*~*~tactically~*~*~ (outnumbered).
  2263 | D:4      | 2263 ||| Stepping ~*~*~tactically~*~*~ (hiding).
  2264 | D:4      | 2264 ||| Stepping ~*~*~tactically~*~*~ (outnumbered).
  2265 | D:4      | 2265 ||| Stepping ~*~*~tactically~*~*~ (outnumbered).
  2266 | D:4      | 2266 ||| Stepping ~*~*~tactically~*~*~ (outnumbered).
  2267 | D:4      | 2267 ||| Stepping ~*~*~tactically~*~*~ (outnumbered).
  2338 | D:4      | 2338 ||| READING 3 scrolls of identify.
  2338 | D:4      | 2338 ||| IDENTIFYING fizzy brown potion
  2339 | D:4      | 2339 ||| DROPPING potion of degeneration.
  2504 | D:4      | 2504 ||| RIP SEWER
  2504 | D:4      | 2504 ||| PLANNING D:1-11
  2504 | D:4      | 2504 ||| READING 2 scrolls of identify.
  2504 | D:4      | 2504 ||| IDENTIFYING orange potion
  2505 | D:4      | 2505 ||| DROPPING potion of magic.
  2523 | D:5      | Entered Level 5 of the Dungeon
  2565 | D:5      | 2565 ||| Stepping ~*~*~tactically~*~*~ (stealth).
  2566 | D:5      | 2566 ||| Stepping ~*~*~tactically~*~*~ (stealth).
  2575 | D:5      | 2575 ||| Stepping ~*~*~tactically~*~*~ (stealth).
  2594 | D:5      | 2594 ||| Stepping ~*~*~tactically~*~*~ (stealth).
  2598 | D:5      | Reached skill level 1 in Throwing
  2613 | D:5      | Reached XP level 7. HP: 66/66 MP: 7/7
  2670 | D:5      | 2670 ||| Stepping ~*~*~tactically~*~*~ (stealth).
  2677 | D:5      | 2677 ||| Stepping ~*~*~tactically~*~*~ (stealth).
  2687 | D:5      | 2687 ||| Stepping ~*~*~tactically~*~*~ (stealth).
  2688 | D:5      | 2688 ||| Stepping ~*~*~tactically~*~*~ (stealth).
  2706 | D:5      | Reached skill level 8 in Unarmed Combat
  2822 | D:5      | Reached skill level 3 in Fighting
  2927 | D:5      | Found a staircase to the Ecumenical Temple.
  2930 | D:5      | 2930 ||| Stepping ~*~*~tactically~*~*~ (stealth).
  2933 | D:5      | 2933 ||| INVOKING Fiery Armour.
  2937 | D:5      | Reached skill level 9 in Unarmed Combat
  2943 | D:5      | Reached XP level 8. HP: 75/75 MP: 8/8
  2948 | D:5      | Reached skill level 1 in Dodging
  2999 | D:5      | 2999 ||| Stepping ~*~*~tactically~*~*~ (stealth).
  3003 | D:5      | 3003 ||| Stepping ~*~*~tactically~*~*~ (outnumbered).
  3004 | D:5      | 3004 ||| Stepping ~*~*~tactically~*~*~ (outnumbered).
  3005 | D:5      | 3005 ||| Stepping ~*~*~tactically~*~*~ (outnumbered).
  3006 | D:5      | 3006 ||| Stepping ~*~*~tactically~*~*~ (outnumbered).
  3007 | D:5      | 3007 ||| Stepping ~*~*~tactically~*~*~ (outnumbered).
  3008 | D:5      | 3008 ||| Stepping ~*~*~tactically~*~*~ (outnumbered).
  3012 | D:5      | 3012 ||| Stepping ~*~*~tactically~*~*~ (outnumbered).
  3014 | D:5      | 3014 ||| Stepping ~*~*~tactically~*~*~ (outnumbered).
  3126 | D:5      | Found a glowing silver altar of Zin.
  3129 | D:5      | Found a white marble altar of Elyvilon.
  3129 | D:5      | Found a glowing golden altar of the Shining One.
  3131 | D:5      | 3131 ||| Stepping ~*~*~tactically~*~*~ (stealth).
  3132 | D:5      | 3132 ||| Stepping ~*~*~tactically~*~*~ (stealth).
  3170 | D:5      | Found Vapi's Weapon Shoppe.
  3276 | D:5      | 3276 ||| DROPPING ring of magical power.
  3277 | D:5      | 3277 ||| READING scroll labelled TIGYWO BURILYXUCVA.
  3277 | D:5      | Identified a scroll of acquirement
  3277 | D:5      | 3277 ||| ACQUIRING +0 hat of Baunomu {rF+ rN+}
  3277 | D:5      | Acquired the +0 hat of Baunomu {rF+ rN+}
  3279 | D:5      | 3279 ||| UPGRADING to +0 hat of Baunomu {rF+ rN+}.
  3284 | D:5      | 3284 ||| READING scroll labelled YFFI PUNACZADU.
  3423 | D:6      | 3423 ||| Stepping ~*~*~tactically~*~*~ (hiding).
  3594 | D:6      | Reached skill level 10 in Unarmed Combat
  3868 | D:6      | Identified the +1 robe "Wosefup" {rElec rPois Str-4}
  4563 | D:6      | 4563 ||| UPGRADING to +1 robe "Wosefup" {rElec rPois
                  | Str-4}.
  4573 | D:6      | 4573 ||| READING scroll labelled YTIC FUVESS.
  4574 | D:6      | 4574 ||| READING scroll labelled QENUVV XECZAL.
  4575 | D:6      | 4575 ||| READING scroll labelled LUTROITODI.
  4843 | D:7      | 4843 ||| FLEEEEING.
  4844 | D:7      | 4844 ||| FLEEEEING.
  4845 | D:7      | 4845 ||| FLEEEEING.
  4846 | D:7      | 4846 ||| Stepping ~*~*~tactically~*~*~ (hiding).
  4924 | D:7      | 4924 ||| Stepping ~*~*~tactically~*~*~ (outnumbered).
  5071 | D:7      | 5071 ||| Stepping ~*~*~tactically~*~*~ (hiding).
  5405 | D:7      | Reached skill level 3 in Throwing
  5507 | D:7      | Reached XP level 9. HP: 77/84 MP: 9/9
  5538 | D:7      | 5538 ||| DRINKING 2 cyan potions.
  5539 | D:7      | 5539 ||| READING 5 scrolls of identify.
  5539 | D:7      | 5539 ||| IDENTIFYING lumpy green potion
  5540 | D:7      | 5540 ||| READING 4 scrolls of identify.
  5540 | D:7      | 5540 ||| IDENTIFYING metallic orange potion
  5541 | D:7      | 5541 ||| READING 3 scrolls of identify.
  5541 | D:7      | 5541 ||| IDENTIFYING smoky dark potion
  5542 | D:7      | 5542 ||| DROPPING potion of flight.
  5598 | D:8      | Found a hazy altar of Hepliaklqana.
  5671 | D:8      | Found a burning altar of Makhleb.
  5693 | D:8      | Reached skill level 11 in Unarmed Combat
  5698 | D:8      | 5698 ||| INVOKING Fiery Armour.
  5707 | D:8      | 5707 ||| FLEEEEING.
  5708 | D:8      | 5708 ||| Stepping ~*~*~tactically~*~*~ (hiding).
  5714 | D:8      | Reached skill level 12 in Unarmed Combat
  5718 | D:8      | 5718 ||| Stepping ~*~*~tactically~*~*~ (hiding).
  5719 | D:8      | 5719 ||| Stepping ~*~*~tactically~*~*~ (hiding).
  5723 | D:8      | 5723 ||| Stepping ~*~*~tactically~*~*~ (outnumbered).
  5724 | D:8      | 5724 ||| Stepping ~*~*~tactically~*~*~ (outnumbered).
  5732 | D:8      | HP: 21/85 [orc priest/divine providence (14)]
  5733 | D:8      | 5733 ||| Stepping ~*~*~tactically~*~*~ (hiding).
  5734 | D:8      | 5734 ||| DRINKING potion of heal wounds.
  5746 | D:8      | 5746 ||| Stepping ~*~*~tactically~*~*~ (outnumbered).
  5749 | D:8      | 5749 ||| Stepping ~*~*~tactically~*~*~ (outnumbered).
  5765 | D:8      | 5765 ||| Stepping ~*~*~tactically~*~*~ (outnumbered).
  5766 | D:8      | 5766 ||| Stepping ~*~*~tactically~*~*~ (stealth).
  5843 | D:8      | Found an ornate altar of the Wu Jian Council.
  5851 | D:8      | Found a transporter.
  5874 | D:8      | Noticed a cyclops
  5877 | D:8      | Found a transporter.
  5880 | D:8      | Noticed qw's ghost (journeyman TrCA)
  5993 | D:8      | 5993 ||| Stepping ~*~*~tactically~*~*~ (hiding).
  6191 | D:8      | Noticed an eight-headed hydra
  6192 | D:8      | 6192 ||| INVOKING Fiery Armour.
  6195 | D:8      | Noticed a troll
  6197 | D:8      | Killed a ten-headed hydra
  6198 | D:8      | 6198 ||| FLEEEEING.
  6199 | D:8      | 6199 ||| FLEEEEING.
  6200 | D:8      | 6200 ||| FLEEEEING.
  6201 | D:8      | 6201 ||| FLEEEEING.
  6202 | D:8      | 6202 ||| FLEEEEING.
  6208 | D:8      | 6208 ||| Stepping ~*~*~tactically~*~*~ (stealth).
  6209 | D:8      | 6209 ||| FLEEEEING.
  6213 | D:8      | Killed a troll
  6214 | D:8      | Reached skill level 13 in Unarmed Combat
  6214 | D:8      | Reached XP level 10. HP: 63/96 MP: 10/10
  6275 | D:8      | Found the +1 robe of Vines {NoPotionHeal Regen++++}
  6389 | D:8      | Noticed Psyche
  6390 | D:8      | 6390 ||| Stepping ~*~*~tactically~*~*~ (stealth).
  6395 | D:8      | 6395 ||| Stepping ~*~*~tactically~*~*~ (outnumbered).
  6396 | D:8      | 6396 ||| Stepping ~*~*~tactically~*~*~ (outnumbered).
  6397 | D:8      | 6397 ||| Stepping ~*~*~tactically~*~*~ (outnumbered).
  6398 | D:8      | 6398 ||| Stepping ~*~*~tactically~*~*~ (outnumbered).
  6399 | D:8      | 6399 ||| Stepping ~*~*~tactically~*~*~ (outnumbered).
  6400 | D:8      | 6400 ||| Stepping ~*~*~tactically~*~*~ (outnumbered).
  6401 | D:8      | 6401 ||| Stepping ~*~*~tactically~*~*~ (outnumbered).
  6402 | D:8      | 6402 ||| Stepping ~*~*~tactically~*~*~ (outnumbered).
  6406 | D:8      | 6406 ||| INVOKING Fiery Armour.
  6416 | D:8      | 6416 ||| FLEEEEING.
  6417 | D:8      | 6417 ||| FLEEEEING.
  6418 | D:8      | 6418 ||| FLEEEEING.
  6419 | D:8      | 6419 ||| FLEEEEING.
  6420 | D:8      | 6420 ||| FLEEEEING.
  6421 | D:8      | 6421 ||| FLEEEEING.
  6422 | D:8      | 6422 ||| FLEEEEING.
  6423 | D:8      | 6423 ||| FLEEEEING.
  6424 | D:8      | 6424 ||| FLEEEEING.
  6425 | D:8      | 6425 ||| FLEEEEING.
  6426 | D:8      | 6426 ||| FLEEEEING.
  6427 | D:8      | 6427 ||| FLEEEEING.
  6446 | D:8      | 6446 ||| FLEEEEING.
  6447 | D:8      | 6447 ||| FLEEEEING.
  6448 | D:8      | 6448 ||| FLEEEEING.
  6449 | D:8      | 6449 ||| FLEEEEING.
  6450 | D:8      | 6450 ||| STAIRDANCE
  6483 | D:7      | 6483 ||| DROPPING +0 robe.
  6484 | D:7      | 6484 ||| DROPPING +0 troll leather armour.
  6485 | D:7      | 6485 ||| UPGRADING to +1 robe of Vines {NoPotionHeal
                  | Regen++++}.
  6495 | D:7      | 6495 ||| DROPPING +1 robe "Wosefup" {rElec rPois Str-4}.
  6496 | D:7      | 6496 ||| READING scroll labelled GUAQOH KOIMM.
  6504 | D:8      | Killed Psyche
  6529 | D:8      | 6529 ||| Stepping ~*~*~tactically~*~*~ (stealth).
  6535 | D:8      | Reached skill level 14 in Unarmed Combat
  6676 | D:9      | Found Nejodyos's Distillery.
  6684 | D:9      | 6684 ||| BUYING potion of cancellation (104 gold).
  6684 | D:9      | Bought a potion of cancellation for 104 gold pieces
  6684 | D:9      | 6684 ||| BUYING potion of curing (39 gold).
  6684 | D:9      | Bought a potion of curing for 39 gold pieces
  6684 | D:9      | 6684 ||| BUYING potion of curing (39 gold).
  6684 | D:9      | Bought a potion of curing for 39 gold pieces
  6684 | D:9      | 6684 ||| BUYING potion of haste (130 gold).
  6684 | D:9      | Bought a potion of haste for 130 gold pieces
  6691 | D:9      | 6691 ||| Stepping ~*~*~tactically~*~*~ (hiding).
  6832 | D:9      | 6832 ||| Stepping ~*~*~tactically~*~*~ (stealth).
  7003 | D:9      | 7003 ||| Stepping ~*~*~tactically~*~*~ (outnumbered).
  7007 | D:9      | 7007 ||| Stepping ~*~*~tactically~*~*~ (outnumbered).
  7013 | D:9      | Reached skill level 6 in Fighting
  7071 | D:9      | Noticed a skeletal warrior
  7071 | D:9      | Noticed a four-headed hydra
  7072 | D:9      | 7072 ||| Stepping randomly (stuck).
  7072 | D:9      | Noticed a two-headed ogre
  7073 | D:9      | Noticed a gargoyle
  7073 | D:9      | Noticed a tengu warrior
  7073 | D:9      | Noticed a manticore
  7080 | D:9      | 7080 ||| INVOKING Fiery Armour.
  7088 | D:9      | Killed a skeletal warrior
  7088 | D:9      | HP: 24/97 [tengu conjurer/bolt of lightning (25)]
  7090 | D:9      | Killed a five-headed hydra
  7090 | D:9      | Slain by a two-headed ogre

Levels and vault maps discovered:
D:1:      psy_arrival_terrarium, layout_basic, basic_ecumenical_altar,
          st_stairs_5
D:2:      layout_rooms
D:3:      layout_basic, mainiacjoe_overflow_cross_hatched,
          nicolae_ru_the_path_less_chosen, kennysheep_okawaru_gauntlet,
          serial_shops, nicolae_lakefront_shop, uniq_robin
D:4:      layout_cave_pools, gup_sewer_entry_glass
D:5:      layout_basic, dreamdust_divine_triumvirate, minmay_temple_entry_glass,
          serial_shops, nicolae_lakefront_shop, hangedman_abyss_or_decor_stabs
D:6:      layout_layer_cave
D:7:      layout_gridville, grunt_decor_one_mirror
D:8:      layout_loops_ring, amcnicky_altar_gilded, makhleb_blood_cavern_becter,
          mainiacjoe_overflow_surrounded_room, gammafunk_ghost_arena,
          hellmonk_guarded_unrand_vines, uniq_psyche
D:9:      minmay_the_grid_triangle_9x9_recursive_2_mashed
          [minmay_the_grid_triangle_9x9_prize_insulated,
          minmay_the_grid_triangle_9x9_dagger,
          minmay_the_grid_triangle_9x9_corrupted_corridor,
          minmay_the_grid_triangle_9x9_wacky_v], layout_stronghold,
          nicolae_uskayaw_dance_hall, serial_shops, nicolae_shop_stone

Skill      XL: |  1  2  3  4  5  6  7  8  9 10 |
---------------+-------------------------------+-----
Unarmed Combat | 4 5 7 9 10 13 14 | 14.4
Throwing       | 1 2 3 |  3.3
Fighting       | 3 4 5 6 |  6.0
Dodging        | 1 |  1.1
Spellcasting   | |  1.0
Fire Magic     | |  2.1

Action                   |  1- 3 |  4- 6 |  7- 9 | 10-12 || total
-------------------------+-------+-------+-------+-------++-------
Melee: Unarmed           |    94 |    99 |   204 |    72 ||   469
       Punch             |       |     1 |     9 |     7 ||    17
Throw: Javelin           |       |     4 |    20 |     7 ||    31
       Boomerang         |       |       |    11 |     3 ||    14
Invok: Fiery Armour      |     1 |     2 |     3 |     2 ||     8
  Use: Scroll            |     5 |     9 |     8 |     1 ||    23
       Potion            |     1 |     1 |     2 |       ||     4
Armor: Robe              |    26 |    35 |    68 |    20 ||   149
Dodge: Dodged            |    32 |    62 |   137 |    41 ||   272

Table legend:
 A = Non-vault XP
 B = Vault XP
 C = Vault XP percentage of total XP
 D = Non-vault monster count
 E = Vault monster count
 F = Vault count percentage of total count
                 A         B        C        D         E       F
            +---------+---------+-------+---------+---------+-------
      Total |    6276 |    3747 |  37.4 |     176 |      24 |  12.0
            +---------+---------+-------+---------+---------+-------
        D:1 |      43 |       4 |   8.5 |      26 |       2 |   7.1
        D:2 |      33 |       0 |   0.0 |      14 |       0 |   0.0
        D:3 |      55 |      35 |  38.9 |      17 |      12 |  41.4
        D:4 |     458 |       0 |   0.0 |      18 |       0 |   0.0
        D:5 |    1115 |       0 |   0.0 |      36 |       0 |   0.0
        D:6 |     359 |       0 |   0.0 |       6 |       0 |   0.0
        D:7 |     713 |       0 |   0.0 |      13 |       0 |   0.0
        D:8 |    2933 |    1934 |  39.7 |      38 |       6 |  13.6
        D:9 |     567 |    1774 |  75.8 |       8 |       4 |  33.3
            +---------+---------+-------+---------+---------+-------
